[Event "Titled Tuesday Blitz February 15 Late 2022"]
[White "Tari, Aryan"]
[Black "Mikhailov, Viacheslav"]
[WhiteFideId "1510045"]
[BlackFideId "4187369"]
[WhiteElo "2567"]
[BlackElo "2381"]
[Result "1-0"]
[Round "05"]
[TimeControl "180+1"]
[Date "2022.02.15"]
[WhiteClock "0:00:08"]
[BlackClock "0:00:06"]

1. c4 Nf6 2. Nc3 g6 3. g3 Bg7 4. Bg2 O-O 5. d4 d6 6. Nf3 Nc6 7. O-O Bf5 8. Bf4 Ne4 9. Nxe4 Bxe4 10. d5 Bxf3 11. exf3 Ne5 12. Rc1 c6 13. dxc6 bxc6 14. Be3 Qc7 15. f4 Nd7 16. b4 Rab8 17. Qa4 c5 18. b5 Nb6 19. Qa6 e6 20. a4 Rfd8 21. Rfd1 h5 22. a5 Na4 23. Rd3 d5 24. cxd5 Rd6 25. b6 axb6 26. Qb5 Nb2 27. Rb3 exd5 28. Rxb2 Bxb2 29. Qxb2 bxa5 30. Qe5 Rd7 31. Qa1 d4 32. Bxd4 Rxd4 33. Qxd4 cxd4 34. Rxc7 Rb1+ 35. Bf1 a4 36. Kg2 a3 37. Ra7 Ra1 38. Bc4 Kh8 39. Kf3 Rc1 40. Bd3 Ra1 41. Ke4 a2 42. Kxd4 Kg7 43. h4 Kh6 44. Ra6 Kg7 45. f3 Kh6 46. g4 Kg7 47. gxh5 gxh5 48. f5 Kh7 49. f6+ Kh6 50. Ra8 1-0


[Site "https://www.chess.com"]

[Event "Titled Tuesday Blitz February 15 Late 2022"]
[White "Timofeev, Artyom"]
[Black "Hambleton, Aman"]
[WhiteFideId "4140419"]
[BlackFideId "2606577"]
[WhiteElo "2583"]
[BlackElo "2552"]
[Result "0-1"]
[Round "05"]
[TimeControl "180+1"]
[Date "2022.02.15"]
[WhiteClock "0:00:01"]
[BlackClock "0:00:01"]

1. d4 Nf6 2. Nf3 e6 3. Bg5 h6 4. Bxf6 Qxf6 5. e4 d6 6. Nc3 Nd7 7. Qd2 c6 8. O-O-O e5 9. Kb1 Be7 10. Bc4 O-O 11. Bb3 a5 12. a4 Bd8 13. h4 Bb6 14. Rhe1 Re8 15. Re3 Nf8 16. Ne2 Bg4 17. Nh2 Qxh4 18. Nxg4 Qxg4 19. Rg3 Qh4 20. f3 Ne6 21. Rg4 Qf6 22. d5 Nd4 23. Nxd4 exd4 24. dxc6 Re7 25. Rf4 Qg5 26. cxb7 Rb8 27. Rf5 Qxd2 28. Rxd2 Rbxb7 29. Rb5 Bc5 30. Rxa5 g6 31. Rd3 Kg7 32. Bd5 Rb8 33. Rb5 Rxb5 34. axb5 h5 35. f4 f5 36. exf5 gxf5 37. Ka2 h4 38. Kb3 Kh6 39. Kc4 Kh5 40. Bf3+ Kg6 41. Kd5 Kf6 42. b4 Bxb4 43. Rxd4 Bc5 44. Rc4 Re3 45. Kc6 h3 46. gxh3 Rxf3 47. b6 Bxb6 48. Kxb6 Rxh3 49. Rd4 Ke6 50. c4 Rb3+ 51. Kc6 Ke7 52. Kd5 Kd7 53. Rd1 Ra3 0-1


[Site "https://www.chess.com"]

[Event "Titled Tuesday Blitz February 15 Late 2022"]
[White "Titichoca Daza, Daniel"]
[Black "Rorrer, Grayson"]
[WhiteFideId "3309550"]
[BlackFideId "30944996"]
[WhiteElo "1968"]
[BlackElo "2122"]
[Result "1-0"]
[Round "05"]
[TimeControl "180+1"]
[Date "2022.02.16"]
[WhiteClock "0:00:03"]
[BlackClock "0:00:01"]

1. e4 c5 2. Nf3 d6 3. d4 cxd4 4. Nxd4 Nf6 5. Nc3 a6 6. Bg5 Nbd7 7. f4 Qc7 8. Qe2 b5 9. O-O-O e5 10. Nd5 Nxd5 11. exd5 Bb7 12. Nc6 Bxc6 13. dxc6 Qxc6 14. Rg1 Rc8 15. g3 e4 16. Bh3 Rc7 17. Rge1 d5 18. Bf5 Be7 19. Bxe7 Kxe7 20. Kb1 g6 21. Bh3 Rhc8 22. g4 Nb6 23. Rc1 Qc4 24. Qd2 Qc5 25. f5 Nc4 26. Qg5+ Kd6 27. Qf6+ Kd7 28. g5 Qd6 29. fxg6+ Ke8 30. g7 Qxf6 31. g8=Q+ 1-0


[Site "https://www.chess.com"]

[Event "Titled Tuesday Blitz February 15 Late 2022"]
[White "Todorovic, Bojan"]
[Black "Wartiovaara, Oliver"]
[WhiteFideId "917087"]
[BlackFideId "513024"]
[WhiteElo "2266"]
[BlackElo "1971"]
[Result "0-1"]
[Round "05"]
[TimeControl "180+1"]
[Date "2022.02.16"]
[WhiteClock "0:00:06"]
[BlackClock "0:01:16"]

1. Nf3 c5 2. c4 g6 3. Nc3 Bg7 4. g3 Nc6 5. Bg2 e6 6. O-O Nge7 7. a3 O-O 8. Rb1 d5 9. cxd5 exd5 10. d3 b6 11. Bd2 Qd7 12. b4 d4 13. Na4 cxb4 14. axb4 Bb7 15. b5 Nd8 16. Qb3 Ne6 17. Bb4 Rfe8 18. Bxe7 Rxe7 19. Nb2 Nc5 20. Qb4 Rxe2 21. Rfd1 Qf5 22. Re1 Rae8 23. Rxe2 Rxe2 24. Re1 Bxf3 25. Bxf3 Qxf3 26. Nc4 Qxf2+ 0-1


[Site "https://www.chess.com"]

[Event "Titled Tuesday Blitz February 15 Late 2022"]
[White "Toncheva, Nadya"]
[Black "Slugin, Sergey"]
[WhiteFideId "2924056"]
[BlackFideId "4122569"]
[WhiteElo "1920"]
[BlackElo "2358"]
[Result "0-1"]
[Round "05"]
[TimeControl "180+1"]
[Date "2022.02.16"]
[WhiteClock "0:00:04"]
[BlackClock "0:00:19"]

1. e4 c5 2. Nf3 e6 3. d4 cxd4 4. Nxd4 Nc6 5. Nc3 Qc7 6. f4 a6 7. Nxc6 bxc6 8. Bd3 d5 9. O-O Nf6 10. Qf3 Bc5+ 11. Kh1 O-O 12. Bd2 Bb7 13. Qh3 g6 14. Rae1 Rfe8 15. e5 Nd7 16. Rf3 Bf8 17. Rg3 c5 18. f5 exf5 19. Bf4 d4 20. Bxf5 Nxe5 21. Ne4 Bg7 22. Bh6 Bxe4 23. Bxe4 Nc6 24. Bd2 Re6 25. Bd5 Rxe1+ 26. Bxe1 Qe5 27. Bxf7+ Kxf7 28. Rf3+ Kg8 29. Bf2 Re8 30. Qd7 Qe1+ 31. Bg1 Qe6 32. Qb7 Ne5 33. Rf1 Ng4 34. h3 Ne3 35. Re1 Qxa2 36. c3 Qf7 37. Qc6 Qe6 38. Qb7 h6 39. cxd4 cxd4 40. Qf3 Qe4 41. Qg3 h5 42. h4 Kh7 43. Bf2 Bf6 44. Kh2 Bxh4 45. Qxh4 Qxg2# 0-1


[Site "https://www.chess.com"]

[Event "Titled Tuesday Blitz February 15 Late 2022"]
[White "Tregubov, Pavel V."]
[Black "Wagner, Dennis"]
[WhiteFideId "4115341"]
[BlackFideId "24650684"]
[WhiteElo "2341"]
[BlackElo "2355"]
[Result "0-1"]
[Round "05"]
[TimeControl "180+1"]
[Date "2022.02.15"]
[WhiteClock "0:00:34"]
[BlackClock "0:00:30"]

1. e4 e5 2. Nf3 Nc6 3. Bb5 a6 4. Ba4 Nf6 5. d4 exd4 6. O-O Be7 7. e5 Ne4 8. Nxd4 O-O 9. Nf5 d5 10. Nxe7+ Nxe7 11. c3 Ng6 12. f4 c6 13. Be3 f6 14. exf6 Qxf6 15. Nd2 Bf5 16. Bc2 Rae8 17. Bd4 Qf7 18. Bxe4 dxe4 19. Qe2 e3 20. Nc4 Bg4 21. Qxg4 Qxc4 22. f5 e2 23. Rfe1 Ne5 24. Qxe2 Qxe2 25. Rxe2 Nf3+ 26. Kf2 Rxe2+ 27. Kxe2 Nxd4+ 28. cxd4 Rxf5 29. Rc1 Rb5 30. b3 Kf7 31. Ke3 Ke6 32. Rc5 Rxc5 33. dxc5 Kd5 34. b4 a5 0-1


[Site "https://www.chess.com"]

[Event "Titled Tuesday Blitz February 15 Late 2022"]
[White "Van den Dikkenberg, Erik"]
[Black "Levin, Anthony"]
[WhiteFideId "1005880"]
[BlackFideId "30940680"]
[WhiteElo "2118"]
[BlackElo "1870"]
[Result "1-0"]
[Round "05"]
[TimeControl "180+1"]
[Date "2022.02.16"]
[WhiteClock "0:02:39"]
[BlackClock "0:01:56"]

1. e4 c5 2. Nc3 d6 3. f4 g6 4. Nf3 Bg7 5. Bb5+ Bd7 6. Bc4 Nc6 7. O-O Nf6 8. d3 O-O 9. Qe1 Na5 10. Bb3 b5 11. a4 Nxb3 12. cxb3 b4 13. Ne2 Be6 14. Qh4 Bxb3 15. f5 e6 16. Bh6 Nd7 17. Ng5 1-0


[Site "https://www.chess.com"]

[Event "Titled Tuesday Blitz February 15 Late 2022"]
[White "Vidit, Santosh Gujrathi"]
[Black "Svane, Frederik"]
[WhiteFideId "5029465"]
[BlackFideId "12923044"]
[WhiteElo "2654"]
[BlackElo "2459"]
[Result "1-0"]
[Round "05"]
[TimeControl "180+1"]
[Date "2022.02.15"]
[WhiteClock "0:01:31"]
[BlackClock "0:00:02"]

1. Nf3 Nf6 2. g3 g6 3. Bg2 Bg7 4. d4 O-O 5. c4 c6 6. O-O d5 7. Qb3 a5 8. Rd1 a4 9. Qb4 dxc4 10. Qxc4 Be6 11. Qb4 Qc7 12. Bf4 Nd5 13. Bxc7 Nxb4 14. Nc3 Nd5 15. Nxd5 Bxd5 16. a3 Rc8 17. Bf4 Nd7 18. Rac1 Ra5 19. Bd2 Rb5 20. Bb4 e6 21. Re1 Bxf3 22. Bxf3 Bxd4 23. Red1 Bxb2 24. Rc2 Ne5 25. Rxb2 Nxf3+ 26. exf3 c5 27. Rc2 Rc6 28. Bc3 Kf8 29. Bf6 Rc8 30. Rcd2 1-0


[Site "https://www.chess.com"]

[Event "Titled Tuesday Blitz February 15 Late 2022"]
[White "Vine, Elzbieta"]
[Black "Urbina Quiroz, Edwin"]
[WhiteFideId "1119320"]
[BlackFideId "6500650"]
[WhiteElo "1819"]
[BlackElo "2130"]
[Result "0-1"]
[Round "05"]
[TimeControl "180+1"]
[Date "2022.02.16"]
[WhiteClock "0:00:03"]
[BlackClock "0:01:28"]

1. e4 e5 2. Nf3 Nc6 3. Bb5 a6 4. Ba4 Nf6 5. O-O Be7 6. c3 Nxe4 7. Re1 Nc5 8. Bxc6 dxc6 9. Nxe5 O-O 10. d4 Ne6 11. Nd2 c5 12. Ndf3 cxd4 13. cxd4 c6 14. Be3 Nc7 15. Qd2 Nd5 16. Nc4 Bb4 17. Qd3 Bxe1 18. Rxe1 Qf6 19. Bg5 Qg6 20. Qd2 f6 21. Bh4 Bg4 22. Kh1 Bxf3 23. gxf3 Qh5 24. Bg3 Qxf3+ 25. Kg1 Rae8 26. Ne3 Nf4 27. Bxf4 Qxf4 28. Qd3 Qf3 29. Qb3+ Kh8 30. Qxb7 Rb8 0-1


[Site "https://www.chess.com"]

[Event "Titled Tuesday Blitz February 15 Late 2022"]
[White "Vovk, Orest"]
[Black "Sailer, Mike"]
[WhiteFideId "14113490"]
[BlackFideId "2012901"]
[WhiteElo "2203"]
[BlackElo "2109"]
[Result "1-0"]
[Round "05"]
[TimeControl "180+1"]
[Date "2022.02.16"]
[WhiteClock "0:01:12"]
[BlackClock "0:00:01"]

1. h4 b6 2. h5 Bb7 3. d3 h6 4. Nc3 Nf6 5. e4 e5 6. f4 Nc6 7. g4 d5 8. g5 hxg5 9. fxg5 d4 10. gxf6 dxc3 11. fxg7 Bxg7 12. bxc3 Bh6 13. Bxh6 Rxh6 14. Qg4 Ne7 15. Qg7 Qd6 16. Bh3 Bc8 17. Bxc8 Rxc8 18. Ne2 Kd7 19. Qg4+ Kc6 20. Kd2 Rg8 21. Qf3 Qe6 22. a4 Kb7 23. a5 Rf6 24. a6+ Kb8 25. Qe3 Rh6 26. Rab1 Rg2 27. Qf3 Qg4 28. Qxg4 Rxg4 29. Rbf1 f6 30. Rfg1 Rxg1 31. Rxg1 Rxh5 32. Rg7 1-0


[Site "https://www.chess.com"]

[Event "Titled Tuesday Blitz February 15 Late 2022"]
[White "Vusatiuk, Vladimir"]
[Black "Kavyev, Ruslan"]
[WhiteFideId "14118610"]
[BlackFideId "34110981"]
[WhiteElo "2157"]
[BlackElo "2182"]
[Result "1-0"]
[Round "05"]
[TimeControl "180+1"]
[Date "2022.02.15"]
[WhiteClock "0:00:32"]
[BlackClock "0:01:31"]

1. b4 Nf6 2. Bb2 d5 3. Nf3 g6 4. e3 Bg7 5. c4 O-O 6. cxd5 Qxd5 7. Nc3 Qd8 8. d4 a5 9. b5 b6 10. Be2 Bb7 11. O-O Nbd7 12. Rc1 Re8 13. Qc2 e5 14. dxe5 Nxe5 15. Rfd1 Qe7 16. Nxe5 Qxe5 17. Nd5 Qg5 18. f4 Qh4 19. Bxf6 Bxf6 20. g3 Qh3 21. Nxf6+ Kh8 22. Bg4 Qh6 23. Nxe8 Rxe8 24. Qxc7 Be4 25. Rd8 Qf8 26. Rxe8 Qxe8 27. Qc8 1-0


[Site "https://www.chess.com"]

[Event "Titled Tuesday Blitz February 15 Late 2022"]
[White "Wan, Joseph"]
[Black "Zhurbinsky, David"]
[WhiteFideId "2069890"]
[BlackFideId "2072904"]
[WhiteElo "2149"]
[BlackElo "2541"]
[Result "1-0"]
[Round "05"]
[TimeControl "180+1"]
[Date "2022.02.16"]
[WhiteClock "0:00:23"]
[BlackClock "0:00:02"]

1. e4 e5 2. Nf3 Nc6 3. Bc4 Bc5 4. c3 Nf6 5. d3 O-O 6. O-O d6 7. Nbd2 a6 8. Bb3 Qe7 9. h3 h6 10. Re1 Be6 11. Nf1 Bb6 12. Ng3 Rad8 13. Nh4 Bxf2+ 14. Kxf2 Ng4+ 15. hxg4 Qxh4 16. Qf3 Bxg4 17. Qe3 Kh7 18. Rh1 Qf6+ 19. Ke1 Qg6 20. Bd2 Na5 21. Bc2 d5 22. exd5 f5 23. Ne2 f4 24. Qe4 Bf5 25. Qf3 Bg4 26. Qe4 Bf5 27. Qf3 Bg4 28. Qf2 Rxd5 29. Rh4 Bf5 30. c4 Nxc4 31. dxc4 Rd6 32. Bxf5 Qxf5 33. Bb4 g5 34. Rh1 e4 35. Bxd6 e3 36. Qf3 cxd6 37. Qd5 Qg4 38. Qxd6 Qxg2 39. Qxh6+ Kg8 40. Qh7# 1-0


[Site "https://www.chess.com"]

[Event "Titled Tuesday Blitz February 15 Late 2022"]
[White "Weetik, Vjacheslav"]
[Black "Abdrlauf, Elham"]
[WhiteFideId "4153472"]
[BlackFideId "1533533"]
[WhiteElo "2469"]
[BlackElo "2334"]
[Result "0-1"]
[Round "05"]
[TimeControl "180+1"]
[Date "2022.02.15"]
[WhiteClock "0:00:03"]
[BlackClock "0:00:07"]

1. d4 Nf6 2. Bf4 d5 3. e3 c5 4. c3 Nc6 5. Nd2 Bf5 6. Ngf3 e6 7. Nh4 Bg6 8. Qb3 Qd7 9. Nxg6 hxg6 10. h3 c4 11. Qc2 Bd6 12. b3 Bxf4 13. exf4 cxb3 14. axb3 O-O 15. Qd3 Qc7 16. g3 Rfc8 17. Be2 Ne7 18. Rc1 Nf5 19. O-O Nd6 20. c4 dxc4 21. bxc4 Rd8 22. Nf3 Nf5 23. Rfd1 Qe7 24. Qb1 b6 25. Qb2 Rac8 26. Ne5 Qd6 27. c5 Qc7 28. c6 Rd6 29. Rd3 Rcd8 30. Rcd1 Nd5 31. Bf3 Nde7 32. Qa1 b5 33. h4 f6 34. Nd7 Nxc6 35. Bxc6 Qxc6 36. Nc5 Nxd4 37. Rxd4 Qxc5 38. Rxd6 Rxd6 39. Rxd6 Qxd6 40. Qxa7 b4 41. Qb7 Qd1+ 42. Kh2 Qd2 43. Kg1 Kh7 0-1


[Site "https://www.chess.com"]

[Event "Titled Tuesday Blitz February 15 Late 2022"]
[White "Wu, Christopher"]
[Black "Villegas, Pierre"]
[WhiteFideId "2040875"]
[BlackFideId "654183"]
[WhiteElo "2665"]
[BlackElo "2410"]
[Result "1-0"]
[Round "05"]
[TimeControl "180+1"]
[Date "2022.02.16"]
[WhiteClock "0:00:23"]
[BlackClock "0:00:01"]

1. d4 d5 2. c4 e6 3. Nf3 a6 4. g3 dxc4 5. a4 Nc6 6. Bg2 Nf6 7. O-O Na5 8. Nbd2 c5 9. Qc2 cxd4 10. Nxc4 Be7 11. Nxa5 Qxa5 12. Nxd4 O-O 13. Bd2 Qh5 14. Nf3 Bd7 15. Rfd1 Rac8 16. Qb3 Bc6 17. Rac1 Ng4 18. h3 Nf6 19. Be3 Rfd8 20. Bb6 Rxd1+ 21. Rxd1 Bd5 22. Qe3 Qg6 23. Rc1 Rxc1+ 24. Qxc1 h6 25. Bd4 Qe4 26. Qc7 Bf8 27. e3 Bc6 28. Kh2 Nd5 29. Qd8 Nf6 30. Nh4 1-0


[Site "https://www.chess.com"]

[Event "Titled Tuesday Blitz February 15 Late 2022"]
[White "Xiong, Jeffery"]
[Black "Svane, Rasmus"]
[WhiteFideId "2047640"]
[BlackFideId "4657101"]
[WhiteElo "2727"]
[BlackElo "2645"]
[Result "1/2-1/2"]
[Round "05"]
[TimeControl "180+1"]
[Date "2022.02.15"]
[WhiteClock "0:01:24"]
[BlackClock "0:00:28"]

1. Nf3 d5 2. g3 e6 3. Bg2 Nf6 4. O-O Be7 5. d4 O-O 6. c4 dxc4 7. Qc2 a6 8. a4 Bd7 9. Qxc4 Bc6 10. Bg5 Nbd7 11. Nc3 h6 12. Bxf6 Nxf6 13. b4 Bd5 14. Nxd5 exd5 15. Qb3 c6 16. Rfd1 Bd6 17. Ne1 h5 18. Nd3 g6 19. b5 axb5 20. axb5 Rxa1 21. Rxa1 Qb6 22. e3 Rd8 23. Rb1 Kg7 24. Bf3 Rc8 25. Kg2 Ra8 26. h3 Ra3 27. Qc2 cxb5 28. Nb4 Bxb4 29. Rxb4 Qc6 30. Qb2 Ra5 31. Be2 Ne4 32. Bxb5 Qc3 33. Qxc3 Nxc3 34. Bd3 Ra2 35. Kf3 Nd1 36. Be2 Nc3 37. Bd3 Nd1 38. Be2 Nc3 39. Bd3 1/2-1/2


[Site "https://www.chess.com"]

[Event "Titled Tuesday Blitz February 15 Late 2022"]
[White "Yoo, Christopher Woojin"]
[Black "Lin, Dachey"]
[WhiteFideId "30909694"]
[BlackFideId "2029650"]
[WhiteElo "2105"]
[BlackElo "2726"]
[Result "0-1"]
[Round "05"]
[TimeControl "180+1"]
[Date "2022.02.15"]
[WhiteClock "0:00:06"]
[BlackClock "0:00:21"]

1. e4 g6 2. d4 Bg7 3. Nf3 c6 4. h3 d5 5. e5 Bf5 6. Bd3 Bxd3 7. Qxd3 e6 8. O-O Ne7 9. c4 dxc4 10. Qxc4 O-O 11. Nc3 Nd7 12. Bg5 h6 13. Bh4 Qe8 14. Qb4 c5 15. dxc5 Nf5 16. Rfe1 Nxh4 17. Qxh4 Nxc5 18. Rad1 Qc6 19. Rd6 Qc7 20. b4 Nd7 21. Nb5 Qc8 22. Qf4 Nb6 23. Rc1 Qe8 24. Nc7 Qe7 25. Nxa8 Rxa8 26. Qe4 Nd5 27. h4 h5 28. Rc5 Re8 29. a4 Bf8 30. Rcxd5 exd5 31. Qxd5 Kg7 32. Rd7 Qe6 33. Qxe6 Rxe6 34. Rxb7 a6 35. a5 Kg8 36. Rb8 Kg7 37. g3 Be7 38. Rb7 Kf8 39. b5 axb5 40. Rxb5 Ra6 41. Nd2 Bd8 42. Nc4 Ke7 43. Kg2 Ke6 44. f4 Rc6 45. Ne3 Ra6 46. Nc4 Rc6 47. Nb6 Rc2+ 48. Kf3 Ra2 49. Rd5 Ra3+ 50. Ke4 Be7 51. Rb5 Rxg3 52. a6 Ra3 53. Nd5 Bd8 54. Nb4 Ra4 55. Kd3 Be7 56. Nc6 Rxa6 57. Nd4+ Kd7 58. Rb7+ Ke8 59. Ke4 Ra4 60. Kd5 Ra5+ 61. Ke4 Ra4 62. Kd3 Bc5 63. Ne2 Ra3+ 64. Kc4 Be7 65. Nc3 Ra1 66. Ne4 Bxh4 67. Nd6+ Kf8 68. Rxf7+ Kg8 69. Rb7 Re1 70. Kd5 Bg3 71. e6 Bxf4 72. e7 Bxd6 73. Kxd6 Kf7 74. Rb3 Re6+ 75. Kd5 Rxe7 76. Rf3+ Kg7 77. Kd4 Rf7 78. Rg3 Rf5 79. Ke4 Kf6 80. Ra3 h4 81. Ra6+ Kg5 82. Ra1 Kh5 83. Rg1 Rg5 84. Rf1 Rg3 85. Rf8 Kg4 86. Rf6 g5 87. Rh6 h3 88. Rh8 Rg2 89. Ke3 Kg3 90. Rh5 g4 91. Rh8 h2 92. Rh5 Rg1 0-1


[Site "https://www.chess.com"]

[Event "Titled Tuesday Blitz February 15 Late 2022"]
[White "Yurovskykh, Oleksandr"]
[Black "Chabris, Christopher"]
[WhiteFideId "14134020"]
[BlackFideId "2005263"]
[WhiteElo "2292"]
[BlackElo "2323"]
[Result "1-0"]
[Round "05"]
[TimeControl "180+1"]
[Date "2022.02.16"]
[WhiteClock "0:00:40"]
[BlackClock "0:00:31"]

1. d4 d5 2. Bf4 Nf6 3. e3 e6 4. Nd2 c5 5. c3 Nc6 6. Ngf3 Bd6 7. Bg3 O-O 8. Bb5 Ne7 9. Bd3 b6 10. e4 dxe4 11. Nxe4 Nf5 12. Bxd6 Nxd6 13. Nxf6+ Qxf6 14. dxc5 bxc5 15. Bxh7+ Kxh7 16. Qxd6 Bb7 17. O-O-O Bxf3 18. gxf3 Qxf3 19. Qxc5 Rfc8 20. Qe3 Qf6 21. Rd4 a5 22. Rf4 Qg6 23. Rh4+ Kg8 24. Qh3 f6 25. Qxe6+ 1-0


[Site "https://www.chess.com"]

[Event "Titled Tuesday Blitz February 15 Late 2022"]
[White "Yushko, Olga"]
[Black "Sanchez, Robert"]
[WhiteFideId "14114500"]
[BlackFideId "2034360"]
[WhiteElo "2028"]
[BlackElo "2305"]
[Result "1-0"]
[Round "05"]
[TimeControl "180+1"]
[Date "2022.02.16"]
[WhiteClock "0:01:02"]
[BlackClock "0:00:09"]

1. d4 d5 2. c4 c6 3. cxd5 cxd5 4. Nc3 Nf6 5. Nf3 Nc6 6. Bf4 e6 7. e3 Nh5 8. Bg5 f6 9. Bh4 g6 10. Be2 Ng7 11. O-O Nf5 12. Bg3 Nxg3 13. hxg3 Bd6 14. a3 O-O 15. b4 a6 16. Rc1 Bd7 17. Qb3 Ne7 18. Na4 Nc8 19. Nc5 Bxc5 20. bxc5 Bc6 21. Ne1 e5 22. Nd3 e4 23. Nb4 Ne7 24. Rb1 Rb8 25. Nxc6 Nxc6 26. Qa4 Qd7 27. Rb6 Rfc8 28. Rfb1 Qc7 29. Qb3 Qd8 30. Kh2 Qf8 31. Qxd5+ Kh8 32. Qxe4 Re8 33. Qf4 g5 34. Qg4 Qh6+ 35. Kg1 Qg6 36. Bf3 f5 37. Qh5 Qxh5 38. Bxh5 Rec8 39. Bf3 Na5 40. R1b4 Rc7 41. Ra4 Nc6 42. Bxc6 Rxc6 43. Rxc6 bxc6 1-0


[Site "https://www.chess.com"]

[Event "Titled Tuesday Blitz February 15 Late 2022"]
[White "Zhigalko, Sergei"]
[Black "Dubov, Daniil"]
[WhiteFideId "13502956"]
[BlackFideId "24126055"]
[WhiteElo "2662"]
[BlackElo "2791"]
[Result "0-1"]
[Round "05"]
[TimeControl "180+1"]
[Date "2022.02.15"]
[WhiteClock "0:00:11"]
[BlackClock "0:00:31"]

1. e4 c5 2. Nf3 d6 3. d4 cxd4 4. Qxd4 Nf6 5. Nc3 a6 6. Bc4 Nc6 7. Qd3 e6 8. Bf4 Nh5 9. Be3 Be7 10. O-O-O O-O 11. Bb3 Qc7 12. Nd4 Nf6 13. f4 Na5 14. Rhg1 b5 15. g4 b4 16. Nce2 Bb7 17. Ng3 Nxb3+ 18. Nxb3 a5 19. g5 Nd7 20. f5 a4 21. Nd4 Ne5 22. Qe2 a3 23. b3 Qc3 24. f6 Ba6 25. Qh5 Qxe3+ 26. Kb1 Qc3 27. Kc1 Qb2+ 28. Kd2 Qxd4+ 0-1


[Site "https://www.chess.com"]

[Event "Titled Tuesday Blitz February 15 Late 2022"]
[White "Zierk, Steven"]
[Black "Barp, Alberto"]
[WhiteFideId "2034255"]
[BlackFideId "872555"]
[WhiteElo "2494"]
[BlackElo "2229"]
[Result "1-0"]
[Round "05"]
[TimeControl "180+1"]
[Date "2022.02.16"]
[WhiteClock "0:00:37"]
[BlackClock "0:00:05"]

1. e4 e5 2. Nf3 Nc6 3. Bc4 Bc5 4. c3 Nf6 5. d4 exd4 6. e5 d5 7. Bb5 Ne4 8. cxd4 Bb6 9. Nc3 O-O 10. Be3 Bg4 11. h3 Bh5 12. Qc2 Bg6 13. Qb3 Ne7 14. O-O c6 15. Bd3 Nd2 16. Nxd2 Bxd3 17. Rfe1 Bg6 18. Na4 Nf5 19. Nxb6 Qxb6 20. Qc3 Rfe8 21. a4 Rad8 22. a5 Qa6 23. Nb3 Qc4 24. Rac1 Qxc3 25. Rxc3 Rc8 26. Nc5 Re7 27. Rb3 Rcc7 28. g4 Nxe3 29. Rexe3 f6 30. exf6 Rxe3 31. fxe3 gxf6 32. Rxb7 Rxb7 33. Nxb7 Kf8 34. Kf2 Bd3 35. Nc5 Bc2 36. Kf3 Ke7 37. Kf4 Bg6 38. h4 h6 39. Nb3 Kd6 40. Nc5 Ke7 41. e4 dxe4 42. Nxe4 Ke6 43. Ng3 Bc2 44. Nf1 Bd3 45. Ne3 Bb1 46. a6 Bd3 47. Nf5 Bxf5 48. gxf5+ Kd5 49. Ke3 Kc4 50. Ke4 Kb5 51. d5 c5 52. d6 Kc6 53. d7 Kxd7 54. Kd5 Ke7 55. Kxc5 Kd7 56. Kd5 Kc7 57. Ke6 1-0


[Site "https://www.chess.com"]

[Event "Titled Tuesday Blitz February 15 Late 2022"]
[White "volunteers1998"]
[Black "Jarocka, Liwia"]
[BlackFideId "21807558"]
[WhiteElo "2267"]
[BlackElo "1896"]
[Result "0-1"]
[Round "05"]
[TimeControl "180+1"]
[Date "2022.02.16"]
[WhiteClock "0:00:02"]
[BlackClock "0:00:38"]

1. e4 c5 2. Nf3 d6 3. d4 cxd4 4. Nxd4 Nf6 5. Nc3 a6 6. h3 e5 7. Nde2 h5 8. Bg5 Be7 9. g3 Nc6 10. Bg2 Be6 11. Qd2 Rc8 12. O-O O-O 13. Rad1 Qb6 14. b3 Rfd8 15. Kh1 Qa5 16. f4 exf4 17. gxf4 d5 18. Nxd5 Nxd5 19. Qxa5 Nxa5 20. exd5 Bxg5 21. fxg5 Bd7 22. c4 b5 23. Nd4 bxc4 24. bxc4 Rxc4 25. Nc6 Bxc6 26. dxc6 Rxd1 27. Rxd1 Nxc6 28. Rd6 Nb4 29. a3 Nc2 30. Rxa6 Ne3 31. Bc6 g6 32. a4 Nf5 33. Ra8+ Kg7 34. Bd7 Rc1+ 35. Kg2 Rc2+ 36. Kf3 Nd4+ 37. Ke4 Nb3 38. Kf3 Rc3+ 39. Ke4 Nc5+ 40. Kd4 Rc1 41. Bb5 Nb3+ 42. Kd5 Rc3 43. a5 Rc5+ 44. Kd6 Rxb5 45. a6 Ra5 46. a7 Ra1 47. Kc6 Nd4+ 48. Kb7 Ne6 0-1


[Site "https://www.chess.com"]

[Event "Titled Tuesday Blitz February 15 Late 2022"]
[White "Abdrlauf, Elham"]
[Black "Remizov, Yaroslav"]
[WhiteFideId "1533533"]
[BlackFideId "34134015"]
[WhiteElo "2334"]
[BlackElo "2360"]
[Result "1-0"]
[Round "06"]
[TimeControl "180+1"]
[Date "2022.02.15"]
[WhiteClock "0:00:21"]
[BlackClock "0:00:04"]

1. e4 e6 2. d4 a6 3. Nc3 c5 4. d5 d6 5. a4 exd5 6. exd5 g6 7. Nf3 Bg7 8. Be2 Ne7 9. O-O O-O 10. Re1 Bg4 11. h3 Bxf3 12. Bxf3 Nf5 13. Ne4 Nd7 14. Bg4 Nd4 15. c3 f5 16. cxd4 Bxd4 17. Be3 Bxe3 18. Rxe3 fxe4 19. Rxe4 Nf6 20. Re1 Nxg4 21. Qxg4 Qf6 22. Qe6+ Qxe6 23. Rxe6 Rae8 24. Rae1 Kf7 25. R1e3 Rxe6 26. Rxe6 Rd8 27. a5 Rd7 28. b3 Kg7 29. g4 Kf8 30. Kg2 Kg7 31. Kg3 g5 32. f4 gxf4+ 33. Kxf4 Rf7+ 34. Kg3 Rf6 35. Rxf6 Kxf6 36. Kf4 Kg6 37. h4 h6 38. g5 h5 39. Ke4 Kg7 40. Kf5 Kh7 41. Kf6 Kg8 42. Ke7 Kg7 43. Kxd6 c4 44. bxc4 b5 45. axb6 1-0


[Site "https://www.chess.com"]

[Event "Titled Tuesday Blitz February 15 Late 2022"]
[White "Abdyzhapar, Asylbek"]
[Black "Dronavalli, Harika"]
[WhiteFideId "13800337"]
[BlackFideId "5015197"]
[WhiteElo "2331"]
[BlackElo "2382"]
[Result "1/2-1/2"]
[Round "06"]
[TimeControl "180+1"]
[Date "2022.02.16"]
[WhiteClock "0:00:17"]
[BlackClock "0:00:09"]

1. c4 e6 2. g3 d5 3. Bg2 Nf6 4. Nf3 c6 5. O-O Nbd7 6. b3 Bd6 7. Bb2 O-O 8. d3 Qe7 9. Nc3 b6 10. Rc1 Bb7 11. e3 Rac8 12. Qe2 Rfe8 13. e4 dxe4 14. dxe4 e5 15. Rcd1 Nc5 16. b4 Ne6 17. a3 Rcd8 18. Rd2 Bb8 19. Rfd1 Rxd2 20. Rxd2 Rd8 21. Rxd8+ Qxd8 22. b5 cxb5 23. cxb5 h6 24. h3 Bd6 25. Qc4 Qc7 26. Qxc7 Nxc7 27. Nd2 Bc5 28. Nc4 Bd4 29. Nd6 Ba8 30. Na4 Nfe8 31. Bxd4 exd4 32. Nxe8 Nxe8 33. Nb2 Nc7 34. a4 Ne6 35. Kf1 Nc5 36. f3 Kf8 37. Ke2 Bb7 38. Kd2 Bc8 39. e5 Bb7 40. h4 Bd5 41. Nd3 Nxa4 42. Nb4 Bc4 43. Nc6 Bxb5 44. Nxa7 Bd7 45. Kd3 Nc5+ 46. Kxd4 Ke7 47. f4 Ne6+ 48. Kc4 Nd8 49. Be4 f6 50. exf6+ Kxf6 51. Kd5 Ke7 52. f5 Nf7 53. g4 h5 54. g5 Nd8 55. Bd3 Nf7 56. Nb5 Bxb5 57. Bxb5 Nd8 58. Bc4 Nb7 59. Ke5 Nc5 60. Be2 Nd7+ 61. Kd5 Kf8 62. Bxh5 Nc5 63. Be2 Nb3 64. Bc4 Nd2 65. Bb3 Nf3 66. Ke6 Nxh4 67. g6 b5 68. Bd5 b4 69. Bb3 Nf3 70. f6 Nd4+ 71. Kd5 Nxb3 72. fxg7+ Kxg7 73. Kc4 Nd2+ 74. Kxb4 Nf3 75. Kc3 Nh4 76. Kb2 Nxg6 1/2-1/2


[Site "https://www.chess.com"]

[Event "Titled Tuesday Blitz February 15 Late 2022"]
[White "Adewumi, Tanitoluwa"]
[Black "Quirke, Jeffrey"]
[WhiteFideId "30966396"]
[BlackFideId "2013029"]
[WhiteElo "2531"]
[BlackElo "2191"]
[Result "1-0"]
[Round "06"]
[TimeControl "180+1"]
[Date "2022.02.16"]
[WhiteClock "0:00:04"]
[BlackClock "0:00:05"]

1. e4 c5 2. Nf3 e6 3. c3 Nf6 4. e5 Nd5 5. d4 cxd4 6. cxd4 d6 7. exd6 Bxd6 8. Nc3 Nxc3 9. bxc3 Qc7 10. Bd2 Nd7 11. Bd3 b6 12. O-O Bb7 13. Re1 O-O 14. h3 Rac8 15. Ng5 Nf6 16. Qe2 Bh2+ 17. Kh1 Bf4 18. Rac1 Bxd2 19. Qxd2 h6 20. Ne4 Nxe4 21. Bxe4 Bxe4 22. Rxe4 Rfd8 23. Rg4 Kh8 24. Qe3 Qd6 25. Rc2 Rc7 26. Rh4 Rdc8 27. c4 Rxc4 28. Re2 Rc1+ 29. Re1 Rxe1+ 30. Qxe1 Qc7 31. Qe4 Qc1+ 32. Kh2 Qd2 33. Qe5 Rc2 34. Rg4 f6 35. Qb8+ Kh7 36. Qe8 Qd3 37. Qf7 1-0


[Site "https://www.chess.com"]